[Event "FIDE CB Open 2022"]
[Site "Ceske Budejovice"]
[Date "2022.07.07"]
[Round "7.53"]
[White "Jodas, Daniel"]
[Black "Rybackova, Lucie"]
[Result "0-1"]
[ECO "B11"]
[WhiteElo "1614"]
[BlackElo "1696"]
[Annotator "NA RC COMBH"]
[PlyCount "94"]
[EventDate "2022.07.01"]
[EventType "swiss"]
[EventCountry "CZE"]
[SourceTitle "playchess.com"]
[Source "ChessBase"]
[SourceQuality "1"]
[TimeControl "40/5400+30:1800+30"]

1. e4 c6 2. Nc3 d5 3. Nf3 dxe4 4. Nxe4 Bf5 5. Ng3 Bg6 6. h4 h6 7. Ne5 Qd6 8. d4 Nd7 9. Nxg6 Qxg6 10. Be2 Qd6 11. O-O Ngf6 12. Nf5 Qc7 13. g3 Nb6 14. c4 e6 15. Bf4 Qd7 16. Ne3 Be7 17. Qd3 O-O 18. Be5 c5 19. Bf3 Rad8 20. Rfd1 Qc8 21. d5 exd5 22. cxd5 Bd6 23. Bxd6 Rxd6 24. Nf5 Rd7 25. d6 Qd8 26. Qb5 c4 27. Bg2 g6 28. Ne7+ Kg7 29. Qe5 Re8 30. Qd4 Qb8 31. Qe5 Rdxe7 32. Qxe7 Rxe7 33. dxe7 Qe8 34. Re1 Nbd5 35. Bxd5 Nxd5 36. Re2 Nxe7 37. Rae1 Kf8 38. Kh2 Qd7 39. Rxe7 Qxe7 40. Rxe7 Kxe7 41. g4 Ke6 42. Kg3 Ke5 43. Kf3 g5 44. h5 Kd4 45. Ke2 b5 46. f4 f6 47. fxg5 fxg5 0-1

[Event "FIDE CB Open 2022"]
[Site "Ceske Budejovice"]
[Date "2022.07.07"]
[Round "7.54"]
[White "Huemer, Gerald"]
[Black "Jilek, Marcel"]
[Result "1/2-1/2"]
[ECO "D02"]
[WhiteElo "1627"]
[BlackElo "1565"]
[Annotator "NA RC COMBH"]
[PlyCount "55"]
[EventDate "2022.07.01"]
[EventType "swiss"]
[EventCountry "CZE"]
[SourceTitle "playchess.com"]
[Source "ChessBase"]
[SourceQuality "1"]
[TimeControl "40/5400+30:1800+30"]

1. d4 d5 2. Bf4 Nf6 3. e3 c5 4. c3 Nc6 5. Nd2 e6 6. Ngf3 Bd6 7. Bg3 O-O 8. Bd3 c4 9. Bb1 Bxg3 10. hxg3 Qd6 11. Qc2 g6 12. Ng5 e5 13. Ndf3 exd4 14. exd4 Bf5 15. Qd2 Bxb1 16. Rxb1 Rae8+ 17. Kf1 h5 18. Qf4 Qxf4 19. gxf4 Ng4 20. Nh4 Kg7 21. Re1 Rxe1+ 22. Kxe1 Re8+ 23. Kf1 f6 24. Ngf3 b5 25. f5 g5 26. Ng6 Nh6 27. Rxh5 Nxf5 28. Nf4 1/2-1/2

[Event "FIDE CB Open 2022"]
[Site "Ceske Budejovice"]
[Date "2022.07.08"]
[Round "8.1"]
[White "Hrbek, Stepan"]
[Black "Roshka, Yevgeniy"]
[Result "*"]
[ECO "B06"]
[WhiteElo "2272"]
[BlackElo "2497"]
[Annotator "TA"]
[PlyCount "67"]
[EventDate "2022.07.01"]
[EventType "swiss"]
[EventCountry "CZE"]
[SourceTitle "playchess.com"]
[Source "ChessBase"]
[SourceQuality "1"]
[TimeControl "40/5400+30:1800+30"]

1. Nf3 g6 2. e4 Bg7 3. d4 d6 4. Bc4 e6 5. Bb3 Ne7 6. O-O O-O {[%emt 0:00:04] B06: Modern Defence.} 7. c3 Nd7 8. Nbd2 a6 {[%emt 0:00:08] [#] White has an edge.} 9. a4 $146 ({Predecessor:} 9. Re1 h6 10. Nf1 b6 11. Ng3 Bb7 12. Bd2 c5 13. h4 Kh8 14. Qe2 Ng8 15. Rad1 {1-0 (47) Gonzalez Vidal,Y (2559)-Shabalov,A (2584) Greensboro 2018}) 9... Rb8 10. a5 c5 11. d5 exd5 12. Bxd5 Nxd5 13. exd5 b5 14. Ne4 Qc7 15. Bg5 (15. Bf4 $11 Ne5 16. Nxe5 dxe5 17. Be3) 15... f5 $17 16. Ng3 h6 17. Bf4 (17. Be7 $142 Rf7 18. Re1) 17... g5 18. Bxg5 {[%emt 0:00:06] Hoping for Bf4.} hxg5 (18... f4 $1 $19 19. Bxf4 Rxf4) 19. Nxg5 Nf6 {[%emt 0:00:28] ...f4 is the strong threat.} 20. Ne6 Bxe6 21. dxe6 Rbe8 22. Re1 {[%emt 0:00:59] [#]} d5 $1 23. Nxf5 (23. Qd3 $17) 23... Qf4 $19 24. e7 {[%emt 0:02:36] [#]} Rf7 ({Inferior is} 24... Qxf5 25. exf8=N Rxf8 26. Re3 $11) 25. Qf3 Qxf3 26. gxf3 Nh5 27. Nd6 Rexe7 28. Nxf7 Kxf7 29. Kf1 $2 {[%emt 0:09:33] This move loses the game for White.} (29. Rxe7+ $17 {was called for.} Kxe7 30. Kf1) 29... Be5 30. Rad1 Nf4 {[%emt 0:00:21] Black is winning.} 31. Re3 c4 32. Rde1 Kf6 33. h4 Kf5 34. Kg1 {[%emt 0:01:49] Weighted Error Value: White=0.34/Black=0.05 (flawless)} *

[Event "FIDE CB Open 2022"]
[Site "Ceske Budejovice"]
[Date "2022.07.08"]
[Round "8.2"]
[White "Toman, Ondrej"]
[Black "Havelka, Josef"]
[Result "0-1"]
[ECO "A45"]
[WhiteElo "2276"]
[BlackElo "2396"]
[Annotator "RC"]
[PlyCount "130"]
[EventDate "2022.07.01"]
[EventType "swiss"]
[EventCountry "CZE"]
[SourceTitle "playchess.com"]
[Source "ChessBase"]
[SourceQuality "1"]
[TimeControl "40/5400+30:1800+30"]

1. d4 Nf6 2. Bg5 Ne4 3. h4 c5 4. d5 Qb6 5. Nd2 h6 6. Nxe4 hxg5 7. Nxg5 Qb4+ 8. c3 Qxb2 9. Qc1 Qxc1+ 10. Rxc1 g6 11. e4 Bh6 12. f4 f6 13. N5h3 d6 14. Rb1 Nd7 15. g3 Nb6 16. Bd3 Bd7 17. c4 O-O-O 18. Nf3 e5 19. fxe5 dxe5 20. Ke2 Kc7 21. Nf2 Nc8 22. Nd1 Nd6 23. Nc3 Rde8 24. Rbf1 Bg7 25. Kd2 f5 26. Rh2 Ref8 27. Rhf2 Bh6+ 28. Ke2 Re8 29. Rg1 Re7 30. Rff1 Rf8 31. Rf2 a6 32. a4 fxe4 33. Nxe4 Nxe4 34. Bxe4 Bxa4 35. Bxg6 Bb3 36. Kd3 b5 37. cxb5 axb5 38. Be4 Bc4+ 39. Kc2 Be3 40. Ra1 Bxf2 41. Ra7+ Kd6 42. Ra6+ Kd7 43. Ra7+ Ke8 44. Bg6+ Kd8 45. Ra8+ Kc7 46. Rxf8 Bxd5 47. Nxe5 Bxg3 48. Nd3 c4 49. Nb4 Bb7 50. Rf7 Bxh4 51. Kb2 Rxf7 52. Bxf7 Kd6 53. Nc2 Kc5 54. Bg6 b4 55. Kb1 Bf2 56. Bf5 Bd5 57. Kb2 b3 58. Na3 Bd4+ 59. Kc1 Kb4 60. Nb1 c3 61. Nxc3 Kxc3 62. Kb1 Bc4 63. Ka1 Be2 64. Be4 Bd1 65. Bc2 Kxc2# 0-1

[Event "FIDE CB Open 2022"]
[Site "Ceske Budejovice"]
[Date "2022.07.08"]
[Round "8.3"]
[White "Neuman, Petr"]
[Black "Zeman, Matyas"]
[Result "1-0"]
[ECO "D46"]
[WhiteElo "2378"]
[BlackElo "2262"]
[Annotator "RC"]
[PlyCount "45"]
[EventDate "2022.07.01"]
[EventType "swiss"]
[EventCountry "CZE"]
[SourceTitle "playchess.com"]
[Source "ChessBase"]
[SourceQuality "1"]
[TimeControl "40/5400+30:1800+30"]

1. c4 e6 2. Nc3 d5 3. d4 c6 4. e3 Nf6 5. Nf3 Nbd7 6. a3 Bd6 7. Bd3 dxc4 8. Bxc4 b5 9. Ba2 O-O 10. O-O Bb7 11. e4 e5 12. Re1 a6 13. Bg5 h6 14. Bh4 Qc7 15. dxe5 Nxe5 16. Bxf6 Nxf3+ 17. Qxf3 gxf6 18. Qg4+ Kh8 19. Qh4 Kg7 20. Re3 Bc8 21. Ne2 Qe7 22. Ng3 f5 23. Nh5+ 1-0

[Event "FIDE CB Open 2022"]
[Site "Ceske Budejovice"]
[Date "2022.07.08"]
[Round "8.4"]
[White "Zima, Jan"]
[Black "Velicka, Petr"]
[Result "1/2-1/2"]
[ECO "B11"]
[WhiteElo "2134"]
[BlackElo "2384"]
[Annotator "RC"]
[PlyCount "28"]
[EventDate "2022.07.01"]
[EventType "swiss"]
[EventCountry "CZE"]
[SourceTitle "playchess.com"]
[Source "ChessBase"]
[SourceQuality "1"]
[TimeControl "40/5400+30:1800+30"]

1. e4 c6 2. Nc3 d5 3. Nf3 Bg4 4. h3 Bxf3 5. Qxf3 Nf6 6. d3 e6 7. Bd2 Bb4 8. a3 Ba5 9. e5 Nfd7 10. Qg3 Rg8 11. d4 Nf8 12. Bd3 Nbd7 13. b4 Bc7 14. O-O f5 1/2-1/2

[Event "FIDE CB Open 2022"]
[Site "Ceske Budejovice"]
[Date "2022.07.08"]
[Round "8.5"]
[White "Maryasin, Boris"]
[Black "Cuhra, Martin"]
[Result "*"]
[ECO "B26"]
[WhiteElo "2260"]
[BlackElo "2225"]
[Annotator "RC"]
[PlyCount "57"]
[EventDate "2022.07.01"]
[EventType "swiss"]
[EventCountry "CZE"]
[SourceTitle "playchess.com"]
[Source "ChessBase"]
[SourceQuality "1"]
[TimeControl "40/5400+30:1800+30"]

1. e4 c5 2. Nc3 g6 3. g3 Bg7 4. Bg2 Nc6 5. d3 e6 6. Be3 Nd4 7. Qd2 Ne7 8. Nd1 d6 9. c3 Ndc6 10. Bh6 Bxh6 11. Qxh6 Ne5 12. Qd2 Bd7 13. f4 N5c6 14. Nf3 b5 15. Ne3 O-O 16. h4 b4 17. h5 bxc3 18. bxc3 f6 19. hxg6 hxg6 20. Nh4 Rb8 21. Rc1 Kg7 22. O-O Qc7 23. g4 e5 24. Nd5 Qd8 25. g5 fxg5 26. fxg5 Nxd5 27. exd5 Ne7 28. Rxf8 Qxf8 29. d4 *

[Event "FIDE CB Open 2022"]
[Site "Ceske Budejovice"]
[Date "2022.07.08"]
[Round "8.6"]
[White "Palchuk, Andrii"]
[Black "Johannsson, Birkir Isak"]
[Result "1/2-1/2"]
[ECO "E11"]
[WhiteElo "2248"]
[BlackElo "2131"]
[Annotator "RC"]
[PlyCount "49"]
[EventDate "2022.07.01"]
[EventType "swiss"]
[EventCountry "CZE"]
[SourceTitle "playchess.com"]
[Source "ChessBase"]
[SourceQuality "1"]
[TimeControl "40/5400+30:1800+30"]

1. d4 d5 2. Nf3 Nf6 3. c4 e6 4. g3 Bb4+ 5. Bd2 a5 6. Qc2 O-O 7. Bg2 c5 8. dxc5 d4 9. Bxb4 axb4 10. O-O Nc6 11. Nbd2 Qe7 12. Ng5 Qxc5 13. Nde4 Nxe4 14. Nxe4 Qe7 15. c5 e5 16. a3 Be6 17. axb4 Nxb4 18. Qd2 Nd5 19. Rfc1 h6 20. b4 b6 21. f4 bxc5 22. bxc5 f6 23. Rxa8 Rxa8 24. f5 Bf7 25. Nd6 1/2-1/2

[Event "FIDE CB Open 2022"]
[Site "Ceske Budejovice"]
[Date "2022.07.08"]
[Round "8.7"]
[White "Kratochvil, Vit"]
[Black "Domalchuk-Jonasson, Aleksandr"]
[Result "1-0"]
[ECO "E17"]
[WhiteElo "2237"]
[BlackElo "2244"]
[Annotator "RC"]
[PlyCount "125"]
[EventDate "2022.07.01"]
[EventType "swiss"]
[EventCountry "CZE"]
[SourceTitle "playchess.com"]
[Source "ChessBase"]
[SourceQuality "1"]
[TimeControl "40/5400+30:1800+30"]

1. c4 e6 2. Nf3 Nf6 3. g3 d5 4. b3 Be7 5. Bb2 O-O 6. Bg2 c5 7. O-O b6 8. d4 Bb7 9. cxd5 Nxd5 10. Nbd2 cxd4 11. Nxd4 Nc6 12. Nxc6 Bxc6 13. Rc1 Rc8 14. e4 Nb4 15. Qg4 Bf6 16. e5 Bg5 17. Rxc6 Nxc6 18. Ne4 Bh6 19. Nf6+ Kh8 20. Rd1 Qc7 21. Rd7 Nxe5 22. Rxc7 Nxg4 23. Rxc8 Rxc8 24. Nxg4 Bc1 25. Bd4 Rc2 26. Ne5 Kg8 27. a4 Bb2 28. Nf3 Bxd4 29. Nxd4 Rc1+ 30. Bf1 e5 31. Nb5 a6 32. Nd6 b5 33. axb5 axb5 34. Kg2 b4 35. Nc4 Rb1 36. Na5 Rd1 37. Nc6 Rd6 38. Nxe5 f6 39. Bc4+ Kf8 40. Nd3 Rb6 41. Nf4 Ke8 42. Kf3 Kd7 43. Nh5 g6 44. Nf4 Kd6 45. Ke3 Kc5 46. h4 Rb8 47. h5 gxh5 48. Nxh5 Rf8 49. Ng7 Rh8 50. Ke4 Kd6 51. Kd4 h6 52. Ke4 Rh7 53. Nh5 Ke7 54. g4 Rh8 55. Kf5 Rf8 56. Nf4 Kd6 57. Nd5 Rc8 58. Nxb4 Rc5+ 59. Kxf6 Rc8 60. Nd5 Rf8+ 61. Kg6 Rg8+ 62. Kh5 Rg7 63. f4 1-0

[Event "FIDE CB Open 2022"]
[Site "Ceske Budejovice"]
[Date "2022.07.08"]
[Round "8.8"]
[White "Heimisson, Hilmir Freyr"]
[Black "Valantiejus, Vaidotas"]
[Result "1/2-1/2"]
[ECO "C47"]
[WhiteElo "2281"]
[BlackElo "2062"]
[Annotator "RC"]
[PlyCount "149"]
[EventDate "2022.07.01"]
[EventType "swiss"]
[EventCountry "CZE"]
[SourceTitle "playchess.com"]
[Source "ChessBase"]
[SourceQuality "1"]
[TimeControl "40/5400+30:1800+30"]

1. e4 e5 2. Nf3 Nc6 3. d4 exd4 4. Nxd4 Nf6 5. Nc3 Bb4 6. Nxc6 bxc6 7. Bd3 d5 8. Bd2 O-O 9. O-O Bxc3 10. Bxc3 Nxe4 11. Bxe4 dxe4 12. Qxd8 Rxd8 13. Be5 Ba6 14. Rfe1 Rd2 15. Rac1 f5 16. Bxc7 Rc8 17. Ba5 Rd5 18. Bc3 Kf7 19. Re3 Rcd8 20. Rce1 Rd1 21. h4 g6 22. Kh2 Bc4 23. a3 Rxe1 24. Rxe1 Rd7 25. Kg3 Bb5 26. Kf4 h5 27. Ke3 c5 28. Ra1 Ba4 29. Rc1 c4 30. Kf4 Rd5 31. Bb4 Rd7 32. Ke5 a6 33. g3 Bc6 34. Bd6 Rb7 35. Bb4 Rd7 36. Bd6 Rb7 37. b4 cxb3 38. cxb3 Rb5+ 39. Rc5 Rxc5+ 40. Bxc5 Bb5 41. Kd6 Bd3 42. Be3 Bc2 43. b4 Ba4 44. Bg5 Bb5 45. Bf4 Ba4 46. Be3 Bb5 47. Bd2 Ba4 48. Bc3 Bb5 49. Bd4 Ba4 50. Bb6 Bb5 51. Ba5 Ba4 52. Bc7 Bb5 53. Bb8 Ba4 54. Ba7 Bb5 55. Be3 Ba4 56. Bh6 Bb5 57. Bf4 Ba4 58. Kc7 Ke6 59. Kb6 Bb5 60. Ka5 Kd7 61. a4 Bc4 62. Kb6 Kc8 63. Bd6 Bb3 64. b5 axb5 65. a5 Bd5 66. Kc5 Ba8 67. Kxb5 Kb7 68. Kc5 Ka6 69. Bc7 e3 70. fxe3 Bf3 71. Kd4 Bg4 72. Ke5 Kb5 73. Kf6 Ka6 74. Kxg6 Kb5 75. Kg5 1/2-1/2

[Event "FIDE CB Open 2022"]
[Site "Ceske Budejovice"]
[Date "2022.07.08"]
[Round "8.9"]
[White "Librelato, Kathie Goulart"]
[Black "Koch-Muller, Oscar"]
[Result "1-0"]
[ECO "C01"]
[WhiteElo "2255"]
[BlackElo "2115"]
[Annotator "RC"]
[PlyCount "45"]
[EventDate "2022.07.01"]
[EventType "swiss"]
[EventCountry "CZE"]
[SourceTitle "playchess.com"]
[Source "ChessBase"]
[SourceQuality "1"]
[TimeControl "40/5400+30:1800+30"]

1. e4 e6 2. d4 d5 3. Bd3 dxe4 4. Bxe4 Nf6 5. Bf3 c5 6. Ne2 Nc6 7. Be3 cxd4 8. Nxd4 Ne5 9. Nc3 a6 10. Qe2 Nxf3+ 11. Nxf3 Bb4 12. Bd4 O-O 13. O-O-O Qa5 14. Kb1 Qf5 15. g4 Nxg4 16. Rhg1 e5 17. Nxe5 Nxe5 18. Bxe5 f6 19. Bd6 Bxd6 20. Rxd6 Qe5 21. Qc4+ Kh8 22. Qc7 f5 23. f4 1-0

[Event "FIDE CB Open 2022"]
[Site "Ceske Budejovice"]
[Date "2022.07.08"]
[Round "8.10"]
[White "Matras, Ondrej"]
[Black "Pirola, Claudionor Alcides L"]
[Result "0-1"]
[ECO "D45"]
[WhiteElo "2229"]
[BlackElo "2100"]
[Annotator "RC"]
[PlyCount "62"]
[EventDate "2022.07.01"]
[EventType "swiss"]
[EventCountry "CZE"]
[SourceTitle "playchess.com"]
[Source "ChessBase"]
[SourceQuality "1"]
[TimeControl "40/5400+30:1800+30"]

1. d4 d5 2. c4 e6 3. Nc3 c6 4. e3 Nf6 5. Nf3 Nbd7 6. b3 Bd6 7. Be2 O-O 8. O-O b6 9. Bb2 Bb7 10. Rc1 Qe7 11. Rc2 Rfe8 12. h3 Rad8 13. Qa1 dxc4 14. bxc4 e5 15. Rd1 e4 16. Nd2 c5 17. Nb5 Bb8 18. Nf1 a6 19. Nc3 cxd4 20. Rxd4 Ne5 21. Rcd2 Rxd4 22. Rxd4 Qe6 23. Ng3 Nf3+ 24. gxf3 exf3 25. Nd5 fxe2 26. Nxe2 Qxh3 27. Nef4 Bxf4 28. Rxf4 Nxd5 29. cxd5 Bxd5 30. f3 Qg3+ 31. Kf1 Bxf3 0-1

[Event "FIDE CB Open 2022"]
[Site "Ceske Budejovice"]
[Date "2022.07.08"]
[Round "8.11"]
[White "Prazak, Daniel"]
[Black "Kula, Dominik"]
[Result "0-1"]
[ECO "B51"]
[WhiteElo "2113"]
[BlackElo "2229"]
[Annotator "RC"]
[PlyCount "76"]
[EventDate "2022.07.01"]
[EventType "swiss"]
[EventCountry "CZE"]
[SourceTitle "playchess.com"]
[Source "ChessBase"]
[SourceQuality "1"]
[TimeControl "40/5400+30:1800+30"]

1. e4 c5 2. Nf3 d6 3. Bb5+ Nd7 4. a4 Ngf6 5. Nc3 g6 6. O-O Bg7 7. Re1 O-O 8. a5 a6 9. Bf1 b5 10. axb6 Qxb6 11. d3 Bb7 12. Nd2 Ne5 13. b3 Nfg4 14. Na4 Qa7 15. c4 f5 16. h3 Nh6 17. Bb2 fxe4 18. dxe4 Bc6 19. g3 g5 20. Qh5 Nhf7 21. Qe2 Rab8 22. Nc3 Nd8 23. Bg2 Ne6 24. Nd5 Nd4 25. Bxd4 cxd4 26. Ra2 e6 27. Rea1 exd5 28. Rxa6 d3 29. Qe1 Qd4 30. exd5 Bd7 31. Qe3 Qxe3 32. fxe3 g4 33. hxg4 Nxg4 34. R1a2 Be5 35. Bf1 Bf5 36. e4 Bc8 37. Ra7 Bd4+ 38. Kh1 Bxa7 0-1

[Event "FIDE CB Open 2022"]
[Site "Ceske Budejovice"]
[Date "2022.07.08"]
[Round "8.12"]
[White "Sykora, Ondrej"]
[Black "Abdulla, Khayala"]
[Result "1-0"]
[ECO "D05"]
[WhiteElo "2099"]
[BlackElo "2207"]
[Annotator "RC"]
[PlyCount "115"]
[EventDate "2022.07.01"]
[EventType "swiss"]
[EventCountry "CZE"]
[SourceTitle "playchess.com"]
[Source "ChessBase"]
[SourceQuality "1"]
[TimeControl "40/5400+30:1800+30"]

1. d4 Nf6 2. Nf3 e6 3. e3 d5 4. Nbd2 c5 5. c3 Nc6 6. Be2 Bd6 7. O-O O-O 8. dxc5 Bxc5 9. b4 Bd6 10. a3 e5 11. c4 e4 12. Nd4 Qe7 13. c5 Bb8 14. Nxc6 bxc6 15. Bb2 Nd7 16. Re1 Ne5 17. Nf1 Qg5 18. a4 Bc7 19. Bc3 Re8 20. g3 Bh3 21. Nd2 Re6 22. Ra3 Qf5 23. Bxe5 Bxe5 24. f4 exf3 25. Bxf3 Rf6 26. e4 Qg5 27. Nf1 Bxf1 28. Kxf1 h5 29. Kg2 h4 30. exd5 Bxg3 31. hxg3 Qxg3+ 32. Kh1 Qh3+ 33. Kg1 Rg6+ 34. Kf2 Qg3+ 35. Ke3 Re8+ 36. Kd2 Qf4+ 37. Kc2 Qc4+ 38. Rc3 Qa2+ 39. Kd3 Rd8 40. d6 Rg3 41. Re3 Qb2 42. Kc4 a5 43. Rb3 Qf6 44. Qd4 Qg5 45. Qe5 Qg6 46. Qe4 Qg5 47. Qxc6 Qf4+ 48. Kb5 g6 49. Kxa5 h3 50. Qe4 Qh6 51. Qe7 Rb8 52. d7 h2 53. d8=Q+ Rxd8 54. Qxd8+ Kh7 55. Re8 Qf4 56. Rh8+ Kg7 57. Qf8+ Kf6 58. Qd6+ 1-0

[Event "FIDE CB Open 2022"]
[Site "Ceske Budejovice"]
[Date "2022.07.08"]
[Round "8.13"]
[White "Zilavy, Jan"]
[Black "Mai, Alexander Oliver"]
[Result "1-0"]
[ECO "B57"]
[WhiteElo "2090"]
[BlackElo "2159"]
[Annotator "RC"]
[PlyCount "141"]
[EventDate "2022.07.01"]
[EventType "swiss"]
[EventCountry "CZE"]
[SourceTitle "playchess.com"]
[Source "ChessBase"]
[SourceQuality "1"]
[TimeControl "40/5400+30:1800+30"]

1. e4 c5 2. Nf3 d6 3. d4 cxd4 4. Nxd4 Nf6 5. Nc3 Nc6 6. Bc4 Qb6 7. Nxc6 bxc6 8. O-O g6 9. Qf3 Bg7 10. Be3 Qb7 11. h3 O-O 12. Bb3 Bd7 13. Rfe1 Ne8 14. Bg5 Be6 15. Qe3 Qd7 16. Rad1 Nc7 17. Bh6 Rfd8 18. Bxg7 Kxg7 19. e5 Bxb3 20. axb3 d5 21. Rd4 h5 22. Qd2 Ne6 23. Rh4 Rh8 24. Ra1 f6 25. Qe2 f5 26. Rha4 d4 27. Qd2 Rhd8 28. Ne2 c5 29. Nf4 Nf8 30. Ra6 e6 31. Qa5 Rdc8 32. Qa4 Qe7 33. Qc4 Kf7 34. R1a5 Rc7 35. Rd6 Re8 36. Raa6 h4 37. Kh2 g5 38. Nd3 g4 39. Nf4 Qg5 40. g3 Rce7 41. Qxc5 gxh3 42. Qxd4 hxg3+ 43. fxg3 Kg8 44. Rxa7 Rxa7 45. Qxa7 Qg4 46. Qe3 Re7 47. Qe2 Qg7 48. Nh5 Qg5 49. Rd8 Kf7 50. Nf4 Qg4 51. Qxg4 fxg4 52. Rxf8+ Kxf8 53. Ng6+ Ke8 54. Nxe7 Kxe7 55. b4 Kd7 56. b5 Kc7 57. c4 Kb6 58. b4 Kc7 59. c5 Kb7 60. b6 Ka6 61. b5+ Kb7 62. Kg1 Kc8 63. c6 Kb8 64. b7 Kc7 65. b6+ Kb8 66. Kh1 h2 67. c7+ Kxb7 68. Kxh2 Kc8 69. Kg2 Kd7 70. Kf2 Kc8 71. Ke3 1-0

[Event "FIDE CB Open 2022"]
[Site "Ceske Budejovice"]
[Date "2022.07.08"]
[Round "8.14"]
[White "Puncochar, Jiri"]
[Black "Vybiral, Zdenek"]
[Result "0-1"]
[ECO "B42"]
[WhiteElo "2020"]
[BlackElo "2143"]
[Annotator "NA"]
[PlyCount "76"]
[EventDate "2022.07.01"]
[EventType "swiss"]
[EventCountry "CZE"]
[SourceTitle "playchess.com"]
[Source "ChessBase"]
[SourceQuality "1"]
[TimeControl "40/5400+30:1800+30"]

1. e4 c5 2. Nf3 e6 3. d4 cxd4 4. Nxd4 a6 5. Bd3 Bc5 6. Nb3 Ba7 7. O-O d6 8. Qg4 Kf8 9. Bg5 Nf6 10. Qg3 Qc7 11. Bf4 e5 12. Be3 Bxe3 13. Qxe3 Nbd7 14. c3 a5 15. Na3 a4 16. Nd2 Qc5 17. Rfe1 Qxe3 18. Rxe3 Ke7 19. Bc4 Nb6 20. Rd1 Rd8 21. Be2 Be6 22. Ndc4 Ra6 23. f3 Nxc4 24. Bxc4 Rb6 25. Rd2 Rc8 26. Bxe6 Kxe6 27. Red3 Nd7 28. Rd5 g6 29. Kf2 f5 30. g3 fxe4 31. Nb5 Rcc6 32. Na7 Rc5 33. Rxc5 Nxc5 34. Ke3 exf3 35. Kxf3 d5 36. Ke3 Ne4 37. Rc2 Nd6 38. Kd3 Ra6 0-1

[Event "FIDE CB Open 2022"]
[Site "Ceske Budejovice"]
[Date "2022.07.08"]
[Round "8.15"]
[White "Zauner, Christoph"]
[Black "Panjer, Sidney"]
[Result "0-1"]
[ECO "C78"]
[WhiteElo "1963"]
[BlackElo "2140"]
[Annotator "NA"]
[PlyCount "56"]
[EventDate "2022.07.01"]
[EventType "swiss"]
[EventCountry "CZE"]
[SourceTitle "playchess.com"]
[Source "ChessBase"]
[SourceQuality "1"]
[TimeControl "40/5400+30:1800+30"]

1. e4 e5 2. Nf3 Nc6 3. Bb5 a6 4. Ba4 Nf6 5. O-O b5 6. Bb3 Bc5 7. c3 d6 8. d3 h6 9. a4 Rb8 10. axb5 axb5 11. Bc2 O-O 12. b4 Bb6 13. Bb3 Ne7 14. Be3 Ng6 15. Nbd2 c5 16. h3 cxb4 17. Bxb6 Rxb6 18. cxb4 Nf4 19. Nb1 N6h5 20. Kh2 d5 21. Rg1 dxe4 22. Nxe5 Qd4 23. Nxf7 Qxa1 24. Qc2 Be6 25. Nc3 exd3 26. Qd2 Qa7 27. Bxe6 Rxe6 28. Nxb5 Qxf7 0-1

[Event "FIDE CB Open 2022"]
[Site "Ceske Budejovice"]
[Date "2022.07.08"]
[Round "8.16"]
[White "Kovalskyi, Roman"]
[Black "Walek, Petr"]
[Result "*"]
[ECO "B36"]
[WhiteElo "2056"]
[BlackElo "2237"]
[Annotator "RC"]
[PlyCount "77"]
[EventDate "2022.07.01"]
[EventType "swiss"]
[EventCountry "CZE"]
[SourceTitle "playchess.com"]
[Source "ChessBase"]
[SourceQuality "1"]
[TimeControl "40/5400+30:1800+30"]

1. e4 c5 2. Nf3 g6 3. d4 cxd4 4. Nxd4 Nc6 5. c4 Nf6 6. Nc3 d6 7. f3 Nxd4 8. Qxd4 Bg7 9. Be3 O-O 10. Qd2 Qa5 11. Rc1 Be6 12. Be2 Rfc8 13. b3 a6 14. Na4 Qxd2+ 15. Kxd2 Nd7 16. g4 Rab8 17. Nc3 Nc5 18. b4 Nd7 19. Nd5 Bxd5 20. cxd5 a5 21. bxa5 Nc5 22. Bxc5 dxc5 23. Rc4 b5 24. axb6 Rxb6 25. f4 g5 26. fxg5 Be5 27. Ke3 Bd4+ 28. Kf3 Ra8 29. a4 Rb3+ 30. Kg2 Rb2 31. Kf3 Rab8 32. Rd1 Ra2 33. Re1 Rb3+ 34. Kg2 Re3 35. Kf1 Rxe4 36. a5 Rf4+ 37. Kg2 Rf2+ 38. Kg3 Ra3+ 39. Kh4 *

[Event "FIDE CB Open 2022"]
[Site "Ceske Budejovice"]
[Date "2022.07.08"]
[Round "8.17"]
[White "Lacina, Adolf"]
[Black "Rosol, Alexander"]
[Result "1-0"]
[ECO "C41"]
[WhiteElo "2225"]
[BlackElo "2001"]
[Annotator "RC"]
[PlyCount "33"]
[EventDate "2022.07.01"]
[EventType "swiss"]
[EventCountry "CZE"]
[SourceTitle "playchess.com"]
[Source "ChessBase"]
[SourceQuality "1"]
[TimeControl "40/5400+30:1800+30"]

1. e4 d6 2. d4 Nf6 3. Nc3 e5 4. Nf3 Nbd7 5. g4 h6 6. Rg1 Be7 7. h4 exd4 8. Qxd4 Ne5 9. Nxe5 dxe5 10. Qxe5 Nxg4 11. Rxg4 Bxg4 12. Qxg7 Bf6 13. Qxg4 c6 14. Bh3 Kf8 15. Be3 Rg8 16. Bxh6+ Ke7 17. Bg5 1-0

[Event "FIDE CB Open 2022"]
[Site "Ceske Budejovice"]
[Date "2022.07.08"]
[Round "8.18"]
[White "Hiermann, Dietmar"]
[Black "Sudrich, Radek"]
[Result "1-0"]
[ECO "C54"]
[WhiteElo "2224"]
[BlackElo "2049"]
[Annotator "RC"]
[PlyCount "33"]
[EventDate "2022.07.01"]
[EventType "swiss"]
[EventCountry "CZE"]
[SourceTitle "playchess.com"]
[Source "ChessBase"]
[SourceQuality "1"]
[TimeControl "40/5400+30:1800+30"]

1. e4 e5 2. Nf3 Nc6 3. Bc4 Bc5 4. c3 Nf6 5. d3 h6 6. Nbd2 d6 7. Nf1 a6 8. Bb3 O-O 9. Ng3 Kh7 10. O-O Ng8 11. d4 Ba7 12. dxe5 Bg4 13. exd6 Ne5 14. Bf4 Bxf3 15. gxf3 cxd6 16. Nf5 g6 17. Nxd6 1-0

[Event "FIDE CB Open 2022"]
[Site "Ceske Budejovice"]
[Date "2022.07.08"]
[Round "8.19"]
[White "Vaculik, Martin"]
[Black "Borkovec, Milan"]
[Result "1/2-1/2"]
[ECO "A46"]
[WhiteElo "2284"]
[BlackElo "2188"]
[Annotator "RC"]
[PlyCount "47"]
[EventDate "2022.07.01"]
[EventType "swiss"]
[EventCountry "CZE"]
[SourceTitle "playchess.com"]
[Source "ChessBase"]
[SourceQuality "1"]
[TimeControl "40/5400+30:1800+30"]

1. Nf3 Nf6 2. g3 b5 3. Bg2 Bb7 4. d4 e6 5. O-O Be7 6. b3 O-O 7. c4 b4 8. Nbd2 c5 9. Bb2 Na6 10. dxc5 Nxc5 11. Ne5 Bxg2 12. Kxg2 Qb6 13. Nd3 Qb7+ 14. Kg1 Nfe4 15. Nxe4 Nxe4 16. f3 Nc5 17. Nxc5 Bxc5+ 18. Bd4 Qb6 19. e3 Rac8 20. Bxc5 Qxc5 21. Qd4 d5 22. Qxc5 Rxc5 23. cxd5 exd5 24. Rfd1 1/2-1/2

[Event "FIDE CB Open 2022"]
[Site "Ceske Budejovice"]
[Date "2022.07.08"]
[Round "8.20"]
[White "Radovic, Stefan"]
[Black "Vltavsky, Vladimir"]
[Result "1-0"]
[ECO "B22"]
[WhiteElo "2018"]
[BlackElo "2106"]
[Annotator "NA RC"]
[PlyCount "71"]
[EventDate "2022.07.01"]
[EventType "swiss"]
[EventCountry "CZE"]
[SourceTitle "playchess.com"]
[Source "ChessBase"]
[SourceQuality "1"]
[TimeControl "40/5400+30:1800+30"]

1. e4 c5 2. c3 d5 3. exd5 Qxd5 4. d4 Nc6 5. Nf3 Bg4 6. dxc5 Qxc5 7. Be3 Qa5 8. Nbd2 Nf6 9. Qb3 Qc7 10. h3 Be6 11. Bc4 Bxc4 12. Qxc4 e6 13. Nd4 Be7 14. Nxc6 Qxc6 15. Qxc6+ bxc6 16. O-O-O Nd5 17. Rhe1 O-O 18. Kc2 Rfd8 19. Nb3 Kf8 20. g3 Ke8 21. Bc5 Bxc5 22. Nxc5 Ke7 23. Rd3 Nb6 24. Red1 Rd5 25. b4 a5 26. Kb3 a4+ 27. Kc2 g5 28. Nb7 Nc4 29. Rd4 Na3+ 30. Kb2 Nb5 31. R4d3 Nd6 32. Nxd6 Kxd6 33. c4 Rxd3 34. Rxd3+ Kc7 35. Kc3 e5 36. Rf3 1-0